 Dungeon Crawl Stone Soup version 0.31-a0-1159-g800acc2fd1 (webtiles) character file.

Game seed: 4124133263497566726

2890 James the Mimic (level 9, -2/57 HPs)
             Began as an Octopode Shapeshifter on Dec 8, 2023.
             Was a Priest of Uskayaw.
             Slain by a yak (9 damage)
             ... on level 7 of the Dungeon.
             The game lasted 00:21:58 (6405 turns).

James the Mimic (Octopode Shapeshifter)             Turns: 6405, Time: 00:21:59

Health: -2/57      AC:  5    Str: 17    XL:     9   Next: 77%
Magic:  9/9        EV: 22    Int: 13    God:    Uskayaw [***...]
Gold:   320        SH:  0    Dex: 11    Spells: 8/8 levels left

rFire   . .          .
                       - Unarmed
rCold   . . .        (shield currently unavailable)
rNeg    . . .        (helmet restricted)
rPois   .            e - amulet of regeneration
rElec   .            j - +5 ring of evasion
rCorr   .            m - +4 ring of protection
SInv    .            (no ring)
Will    .....        (no ring)
Stlth   +            (no ring)
HPRegen 1.09/turn    (no ring)
MPRegen 0.11/turn    (no ring)
                     (no ring)

%: no passive effects
@: flux-form, glowing
A: glow, contaminating, almost no armour, amphibious, 8 rings, camouflage 1,
gelatinous body 1, (nimble swimmer 1), tentacles
a: Begin Untransformation, Renounce Religion, Stomp, Line Pass


You were on level 7 of the Dungeon.
You worshipped Uskayaw.
Uskayaw was noncommittal.
You were something dangerously unstable.
You visited 2 branches of the dungeon, and saw 9 of its levels.

You collected 546 gold pieces.
You spent 226 gold pieces at shops.

Inventory:

Hand Weapons
 q - a +1 sling
   (You found it on level 3 of the Dungeon)
 C - the +3 dagger of the Eternal Warrior {vamp, rElec Int+3}
   (You took it off an orc on level 3 of the Dungeon)

   Int+3:     It affects your intelligence (+3).
   rElec:     It insulates you from electricity.
Missiles
 h - 6 poisoned darts
 s - a throwing net {!f}
 w - 7 boomerangs
 y - 5 darts of dispersal {!f}
Jewellery
 e - an amulet of regeneration (around mantle)
   (You found it on level 4 of the Dungeon)
 j - a +5 ring of evasion (left tentacle)
   (You found it on level 2 of the Dungeon)
 m - a +4 ring of protection (right tentacle)
   (You found it on level 2 of the Dungeon)
Talismans
 b - a beast talisman
 c - a flux talisman (active)
Wands
 o - a wand of polymorph (11)
   (You found it on level 3 of the Dungeon)
 t - a wand of flame (7)
   (You found it on level 7 of the Dungeon)
 x - a wand of acid (19)
   (You found it on level 4 of the Dungeon)
Scrolls
 d - a scroll of poison {!r}
 f - 5 scrolls of teleportation {@r4}
 i - 3 scrolls of revelation
Potions
 a - a potion of lignification {!q}
 g - a potion of enlightenment {unknown}
 k - 2 potions of might
 n - a potion of heal wounds {@q2}
 p - a potion of haste {unknown}
 r - a potion of invisibility
 u - a potion of ambrosia
 v - a potion of brilliance
 z - a potion of resistance {unknown}
 A - a potion of mutation {!q}
 B - 2 potions of cancellation {unknown}
 D - a potion of magic


   Skills:
 + Level 3.2 Fighting
 + Level 3.2 Dodging
 - Level 6.0 Unarmed Combat
 - Level 14.0 Shapeshifting


You had 8 spell levels left.
You didn't know any spells.
Your spell library contained the following spells:

 Spells                   Type           Power      Damage    Failure   Level
 Slow                     Hex            0%         N/A       30%         1
 Ensorcelled Hibernation  Hex/Ice        0%         N/A       43%         2
 Passwall                 Tmut/Erth      0%         N/A       43%         2
 Confusing Touch          Hex            0%         N/A       67%         3
 Sigil of Binding         Hex            0%         N/A       67%         3
 Swiftness                Air            0%         N/A       67%         3
 Vampiric Draining        Necr           0%         2d6       67%         3


Dungeon Overview and Level Annotations

Branches:
Dungeon (8/15)             Temple (1/1) D:7
   Lair: D:8-11

Altars:
Ashenzari
Cheibriados
Dithmenos
Elyvilon
Fedhas
Gozag
Hepliaklqana
Kikubaaqudgha
Makhleb
Nemelex Xobeh
Okawaru
Qazlal
Ru
Sif Muna
Uskayaw
Vehumet
Wu Jian
Xom
Yredelemnul
Zin
The Shining One

Shops:
D:1 =   D:2 [***

Annotations:
D:5 2 runed translucent doors, rumpelstilzz's ghost, novice OpVM


Innate Abilities, Weirdness & Mutations

You are something dangerously unstable.
You glow with magical radiation, making you easy to see and hit.
Foes you strike become dangerously contaminated with magical radiation.
You are incapable of wielding weapons or throwing items.
You cannot wear most types of armour.
You are amphibious.
You can wear up to eight rings at the same time.
Your skin changes colour to match your surroundings (Stealth+).
Your rubbery body absorbs attacks. (AC +1, EV +1)
((You are camouflaged when in or above water. (Stealth+)))
You have tentacles for arms and can constrict up to eight enemies at once.


Message History

You squeeze the yak, but do no damage. The yak completely misses you. x2
The yak barely misses you.
You tentacle-slap the yak.
The yak begins to glow.
You squeeze the yak, but do no damage. You tentacle-slap the yak.
The yak glows dangerously bright.
You squeeze the yak. The yak completely misses you. The yak gores you!
The yak gores you.
You tentacle-slap the yak.
The yak glows dangerously bright.
The yak misses you. The yak gores you!
* * * LOW HITPOINT WARNING * * *
The yak barely misses you.
Uskayaw will force your foes to helplessly watch your dance.
Uskayaw prepares the audience for your solo!
The helpless yak fails to defend itself.
You tentacle-slap the yak.
The yak glows dangerously bright.
You squeeze the yak, but do no damage.
The yak is no longer paralysed. x3
The yak completely misses you. The yak barely misses you.
The yak completely misses you.
You tentacle-slap the yak.
The yak shudders as magic cascades through it!
The yak twists and deforms.
The yak gores you!
* * * LOW HITPOINT WARNING * * *
The yak completely misses you. The yak gores you!
* * * LOW HITPOINT WARNING * * *
You feel much better. The yak gores you!
* * * LOW HITPOINT WARNING * * *
The yak gores you!
* * * LOW HITPOINT WARNING * * *
The yak gores you.
* * * LOW HITPOINT WARNING * * *
Okay, then.
Unknown command.
Okay, then.
You are confused.
You feel invigorated. The yak gores you!
* * * LOW HITPOINT WARNING * * *
The yak misses you. x2
You bump into the rock wall.
The yak barely misses you. The yak completely misses you. The yak gores you!
* * * LOW HITPOINT WARNING * * *
You bump into the rock wall.
You feel less invigorated.
You feel less confused. The yak gores you but does no damage.
The yak completely misses you. The yak gores you.
* * * LOW HITPOINT WARNING * * *
You tentacle-slap the yak.
The yak begins to glow.
You squeeze the yak!
The yak stops glowing.
The yak barely misses you. The yak completely misses you. The yak misses you.
You tentacle-slap the yak.
The yak glows dangerously bright.
The yak gores you!
You die...

..#######..##..##
####.#..#..###########
...........#.........#
...........#.........#
...........#.[.......#
...........+.........#
########...##..###...#
##...#####'##..###'###
.......#.......#pY...#
.......#.......#YY...#
.......#.......#.....#
.......#.......#.....#
.......#.......###'###
##.##.##'##....##....#
#####.##.########....#
....#................#
....#................#


You could see 3 yaks.

Vanquished Creatures
  Maggie (D:8)
  Sigmund (D:2)
  A yak (D:8)
  A steam dragon (D:6)
  Eustachio (D:4)
  An acid dragon (D:7)
  2 black bears (D:4)
  2 sky beasts
  The ghost of chuckiee3 the Covered, an amateur MiFi (D:3)
  An ogre (D:5)
  A phantom (D:6)
  Blork the orc (D:5)
  2 bullfrogs
  2 scorpions
  3 killer bees (D:7)
  5 jellies
  3 hounds
  Crazy Yiuf (D:7)
  An orc priest (D:8)
  A sleepcap (D:6)
  Jessica (D:2)
  7 iguanas
  Ijyb (D:5)
  2 orc wizards
  Robin (D:2)
  5 gnolls
  3 adders
  2 shadow imps (D:8)
  2 ufetubi (D:6)
  3 dart slugs
  16 orcs
  7 bats
  12 endoplasms
  3 giant cockroaches
  5 hobgoblins
  13 jackals
  7 quokkas
  9 ball pythons
  4 frilled lizards
  13 goblins
  4 kobolds
  8 rats
160 creatures vanquished.

Notes
Turn   | Place    | Note
-------+----------+-------------------------------------------
     0 | D:1      | James the Octopode Shapeshifter began the quest for the
                  | Orb.
     0 | D:1      | Reached XP level 1. HP: 13/13 MP: 1/1
    97 | D:1      | Found Teqokiy's Jewellery Boutique.
   146 | D:1      | Reached XP level 2. HP: 16/18 MP: 2/2
   776 | D:1      | Reached XP level 3. HP: 23/23 MP: 3/3
   790 | D:1      | Found a faded altar of an unknown god.
   956 | D:2      | Found Kinucwen's Armour Boutique.
  1002 | D:2      | Noticed Jessica
  1005 | D:2      | Killed Jessica
  1006 | D:2      | Reached XP level 4. HP: 24/28 MP: 4/4
  1061 | D:2      | Found a hazy altar of Hepliaklqana.
  1080 | D:2      | Found Buduss's Assorted Antiques.
  1156 | D:2      | Noticed Sigmund
  1225 | D:2      | Reached skill level 5 in Unarmed Combat
  1309 | D:2      | Found Sipuyheo's Assorted Antiques.
  1484 | D:2      | Found Keage's Assorted Antiques.
  1778 | D:3      | Noticed Robin
  1794 | D:2      | Killed Robin
  1795 | D:2      | Reached XP level 5. HP: 33/33 MP: 5/5
  1985 | D:3      | Found a runed translucent gate.
  1986 | D:3      | Found a runed translucent gate.
  1987 | D:3      | Identified the +3 dagger of the Eternal Warrior {vamp,
                  | rElec Int+3}
  1987 | D:3      | Noticed chuckiee3's ghost (amateur MiFi)
  1988 | D:3      | Found a runed translucent gate.
  1990 | D:3      | Found an ancient bone altar of Kikubaaqudgha.
  2013 | D:3      | Found a blossoming altar of Fedhas.
  2344 | D:2      | Bought a yellow potion for 18 gold pieces
  2344 | D:2      | Bought a scroll labelled NURIOWNOIT for 21 gold pieces
  2344 | D:2      | Bought a black potion for 18 gold pieces
  2391 | D:2      | Bought an inky potion for 18 gold pieces
  2391 | D:2      | Bought a clear potion for 18 gold pieces
  2391 | D:2      | Bought a scroll labelled YBLATU SUMPAS for 21 gold pieces
  2424 | D:2      | Bought a scroll labelled TEONIJ MELEX for 28 gold pieces
  2459 | D:3      | Identified a scroll of acquirement
  2459 | D:3      | Acquired a manual of Shapeshifting
  2616 | D:4      | Noticed a black bear
  2620 | D:4      | Killed a black bear
  2621 | D:4      | Reached skill level 4 in Shapeshifting
  2621 | D:4      | Reached XP level 6. HP: 31/39 MP: 6/6
  2791 | D:4      | Noticed a black bear
  2798 | D:4      | Killed a black bear
  2799 | D:4      | Reached skill level 5 in Shapeshifting
  2861 | D:4      | Noticed Eustachio
  2875 | D:4      | Killed Eustachio
  2876 | D:4      | Reached skill level 7 in Shapeshifting
  2876 | D:4      | Reached XP level 7. HP: 45/45 MP: 7/7
  3151 | D:2      | Bought 3 scrolls labelled ESEWNY KUES for 84 gold pieces
  3246 | D:5      | Entered Level 5 of the Dungeon
  3398 | D:5      | Noticed Ijyb
  3428 | D:5      | Killed Ijyb
  3429 | D:5      | Reached skill level 8 in Shapeshifting
  3575 | D:5      | Noticed Blork the orc
  3580 | D:5      | Killed Blork the orc
  3584 | D:5      | Reached skill level 9 in Shapeshifting
  3659 | D:5      | Reached XP level 8. HP: 50/50 MP: 8/8
  3728 | D:5      | Found a large runed translucent door.
  3728 | D:5      | Found a large runed translucent door.
  3732 | D:5      | Noticed rumpelstilzz's ghost (novice OpVM)
  4066 | D:6      | Found a glowing golden altar of the Shining One.
  4162 | D:6      | Reached skill level 10 in Shapeshifting
  4425 | D:6      | Reached skill level 11 in Shapeshifting
  4579 | D:6      | Found a faded altar of an unknown god.
  4579 | D:6      | Found a faded altar of an unknown god.
  4581 | D:6      | Found a hazy altar of Hepliaklqana.
  5041 | D:7      | Found a staircase to the Ecumenical Temple.
  5056 | Temple   | Entered the Ecumenical Temple
  5061 | Temple   | Became a worshipper of Uskayaw the Reveller
  5113 | D:7      | Reached * piety under Uskayaw
  5115 | D:7      | Reached ** piety under Uskayaw
  5116 | D:7      | Reached *** piety under Uskayaw
  5117 | D:7      | Reached skill level 12 in Shapeshifting
  5140 | D:7      | Found a sparkling altar of Nemelex Xobeh.
  5361 | D:7      | Found a runed translucent door.
  5362 | D:7      | Noticed Crazy Yiuf
  5470 | D:7      | Reached XP level 9. HP: 53/54 MP: 9/9
  5479 | D:7      | Reached **** piety under Uskayaw
  5513 | D:7      | Reached skill level 13 in Shapeshifting
  5650 | D:7      | Killed Crazy Yiuf
  5806 | D:2      | Killed Sigmund
  5882 | D:3      | Killed chuckiee3's ghost
  6209 | D:8      | Noticed Maggie
  6220 | D:8      | Killed Maggie
  6221 | D:8      | Reached skill level 14 in Shapeshifting
  6321 | D:8      | Found a white marble altar of Elyvilon.
  6399 | D:7      | HP: 1/57 [yak (10)]
  6405 | D:7      | Slain by a yak

Illustrated notes

Levels and vault maps discovered:
D:1:      minmay_arrival_doors, layout_loops_ring,
          ebering_ecumenical_altar_sacrificial, serial_shops, shop,
          minmay_misc_feat_cross
D:2:      layout_loops_ring, basic_altar, serial_shops, shop, shop, shop,
          nicolae_shop_tiny_waterfront, hangedman_decor_growths,
          dreamdust_wishing_well, minmay_shallow_snake_nest, uniq_jessica,
          uniq_sigmund
D:3:      layout_rooms, nicolae_kikubaaqudgha_miasma_corner, fedhas_altar_1,
          biasface_ghost_orc_armoury, st_stairs_11, minmay_cupped, uniq_robin
D:4:      layout_loops_cross, uniq_eustachio
D:5:      layout_rooms, ebering_ghost_disaster_area, uniq_blork_the_orc,
          uniq_ijyb
D:6:      layout_basic, nicolae_hepliaklqana_ecumenical_no_more,
          lemuel_coloured_pillars_altar, kennysheep_generic_room_11
D:7:      layout_gridville, nemelex_spade_bored_becter,
          minmay_temple_entry_offerings, nicolae_fountain_basement,
          uniq_crazy_yiuf_cottage
D:8:      layout_gridville, elyvilon_altar_4, lair_entry_dummy, uniq_maggie
Temple:   minmay_freezing_vapour_temple

Skill      XL: |  1  2  3  4  5  6  7  8  9 |
---------------+----------------------------+-----
Unarmed Combat | 4 5 6 |  6.0
Fighting       | 2 3 |  3.2
Shapeshifting  | 4 7 9 12 14 | 14.0
Dodging        | 3 |  3.2

Action                     |  1- 3 |  4- 6 |  7- 9 || total
---------------------------+-------+-------+-------++-------
  Melee: Unarmed           |    61 |   117 |   227 ||   405
         Constrict         |    13 |    28 |    44 ||    85
         Tentacles         |     8 |    19 |    70 ||    97
         Punch             |       |     6 |       ||     6
    Use: Scroll            |       |    11 |     5 ||    16
         Potion            |       |       |     2 ||     2
   Stab: Sleeping          |     8 |     9 |       ||    17
         Paralysed         |       |       |     6 ||     6
 Armour: Skin              |    22 |    22 |    70 ||   114
  Dodge: Dodged            |    28 |    75 |   198 ||   301
   Form: Flux              |       |       |     1 ||     1

Table legend: (Time is in decaauts)
 A = Elapsed time spent in this place.
 B = Non-inter-level travel time spent in this place.
 C = Inter-level travel time spent in this place.
 D = Time resting spent in this place.
 E = Time spent auto-exploring this place.
 F = Levels seen in this place.
 G = Mean time per level.
                   A        B        C        D        E       F      G
               +--------+--------+--------+--------+--------+-----+--------+
         Total |   6374 |   5672 |    702 |    191 |   3954 |   9 |  708.2 |
       Dungeon |   6363 |   5661 |    702 |    191 |   3954 |   8 |  795.4 |
        Temple |     10 |     10 |      0 |      0 |      0 |   1 |   10.0 |
               +--------+--------+--------+--------+--------+-----+--------+

Top non-repeatable levels by time:
     D:6: 1285 daAuts
     D:2: 1028 daAuts
     D:1: 883 daAuts
     D:3: 807 daAuts
     D:4: 717 daAuts
     D:7: 700 daAuts
     D:5: 652 daAuts
     D:8: 287 daAuts
  Temple: 10 daAuts
